Map: Glittering Ashes LE

Players

IdrasLeftNut

  • Race: Terran Terran
  • League: Master
  • Spawn Location: 7:00

Warthog - Winner!

  • Race: Terran Terran
  • League: Master
  • Spawn Location: 1:00

VOD

Have the link to the VOD?

Description

Time

  • Played on: Jan. 11, 2022, 9:06 p.m.
  • Length: 8:19
Show
View Real Time Build Order
Export as new Build Order

IdrasLeftNut Terran 

Build Orders:  

Get SALT Encoding   

  12  0:00  SCV  
  13  0:12  SCV  
  14  0:17  Supply Depot  
  14  0:24  SCV  
  15  0:38  SCV  
  15  0:40  Barracks  
  16  0:44  Refinery  
  16  0:50  SCV  
  16  0:52  Refinery  
  17  1:02  SCV  
  18  1:14  SCV  
  19  1:27  Orbital Command  
  19  1:28  Reaper  
  19  1:29  Supply Depot  
  20  1:44  Factory  
  20  1:52  SCV  
  21  2:00  Reaper  
  22  2:04  SCV  
  23  2:16  SCV  
  24  2:26  Command Center  
  24  2:28  Hellion  
  26  2:31  SCV  
  26  2:33  Reaper  
  28  2:41  Supply Depot  
  28  2:43  SCV  
  29  2:53  Hellion  
  31  2:59  Starport  
  31  3:02  SCV  
  32  3:07  Barracks Reactor  
  32  3:14  SCV  
  32  3:18  Factory Tech Lab  
  33  3:21  Refinery  
  33  3:27  SCV  
  34  3:36  Starport Tech Lab  
  34  3:38  Cyclone  
  34  3:39  SCV  
  38  3:47  Marine x2  
  40  3:51  SCV  
  41  3:56  Raven  
  43  4:03  SCV  
  43  4:05  Supply Depot, Marine x2  
  43  4:06  Orbital Command  
  46  4:15  Siege Tank  
  46  4:16  SCV  
  50  4:23  Marine x2  
  52  4:29  SCV  
  53  4:35  SCV  
  54  4:40  Marine  
  54  4:41  SCV, Marine  
  54  4:45  Raven  
  57  4:48  SCV  
  58  4:53  SCV  
  58  4:58  Marine x2  
  58  5:00  SCV  
  53  5:10  SCV  
  53  5:11  Siege Tank  
  53  5:12  SCV  
  57  5:15  Command Center  
  57  5:26  SCV x2  
  57  5:27  Refinery  
  59  5:38  SCV  
  59  5:40  SCV  
  61  5:46  Supply Depot  
  61  5:52  Marine  
  61  5:54  Stimpack  
  62  6:03  Supply Depot  
  62  6:06  Barracks  
  62  6:07  Viking x2, Siege Tank, SCV  
  62  6:10  Barracks  
  70  6:11  Engineering Bay  
  70  6:12  Engineering Bay  
  70  6:15  Supply Depot  
  70  6:19  SCV  
  70  6:22  SCV, Marine  
  71  6:28  Orbital Command  
  71  6:31  SCV  
  72  6:34  SCV  
  72  6:37  Viking x2  
  76  6:40  Marine  
  71  6:52  SCV  
  72  6:57  Barracks Reactor  
  72  6:58  Marine  
  73  7:04  Siege Tank  
  73  7:06  SCV  
  77  7:15  Marine  
  77  7:16  Viking x2  
  77  7:17  SCV  
  83  7:23  Supply Depot  
  83  7:30  Barracks Reactor  
  83  7:33  Marine  
  83  7:34  Marine  
  83  7:35  Marine  
  86  7:38  SCV x2  
  87  7:47  Medivac x2  
  87  7:50  SCV  
  87  7:51  SCV, Marine  
  93  7:52  Marine x2  
  86  8:02  SCV  
Show
View Real Time Build Order
Export as new Build Order

Warthog Terran - Winner!

Build Orders: Cyclone Opening 

Get SALT Encoding   

  12  0:00  SCV  
  13  0:12  SCV  
  14  0:17  Supply Depot  
  14  0:24  SCV  
  15  0:39  SCV  
  16  0:45  Barracks  
  16  0:47  Refinery  
  16  0:50  Refinery  
  16  0:52  SCV  
  17  1:04  SCV  
  18  1:18  SCV  
  19  1:32  Reaper, Orbital Command  
  20  1:44  Factory  
  20  1:51  Supply Depot  
  20  1:57  SCV  
  21  2:05  Reaper  
  22  2:09  SCV  
  23  2:21  SCV  
  24  2:24  Command Center  
  24  2:28  Factory Tech Lab  
  24  2:34  SCV  
  24  2:35  Supply Depot  
  25  2:43  Barracks Reactor  
  25  2:55  Cyclone, SCV  
  29  2:59  Barracks  
  29  3:07  SCV  
  30  3:19  SCV, Marine x2  
  36  3:27  Cyclone  
  36  3:29  Starport  
  36  3:32  SCV  
  37  3:36  Orbital Command  
  37  3:42  Marine  
  37  3:43  Marine  
  37  3:44  SCV  
  40  4:04  SCV  
  40  4:08  SCV, Factory Reactor  
  42  4:11  Marine x2, Starport Reactor  
  42  4:12  Stimpack, Marine  
  42  4:16  SCV  
  46  4:17  Supply Depot  
  46  4:19  Supply Depot  
  46  4:20  SCV  
  47  4:28  SCV  
  47  4:29  Marine  
  48  4:32  SCV  
  48  4:45  SCV  
  47  4:54  SCV  
  47  4:57  SCV, Command Center, Refinery x2  
  49  5:08  SCV  
  49  5:10  SCV  
  49  5:11  Medivac  
  49  5:12  Medivac, Marine x2  
  49  5:13  Marine  
  58  5:18  Supply Depot  
  58  5:20  SCV  
  59  5:22  Barracks, SCV  
  59  5:23  Factory Tech Lab  
  60  5:32  SCV, Marine x2  
  60  5:33  Marine  
  60  5:34  SCV  
  65  5:44  SCV  
  65  5:45  Engineering Bay x2  
  65  5:46  SCV  
  67  5:50  Marine  
  68  6:00  SCV x2  
  68  6:01  Marine  
  68  6:02  Medivac, Combat Shield, Marine  
  74  6:04  Siege Tank  
  74  6:09  Medivac  
  79  6:12  Supply Depot  
  79  6:13  Supply Depot  
  79  6:21  SCV, Marine  
  81  6:28  Marine  
  81  6:29  Marine  
  81  6:30  Marine x2  
  85  6:37  Siege Tank  
  85  6:39  Marine  
  89  6:46  Marine  
  90  6:51  Marine  
  90  6:52  SCV x2, Orbital Command  
  93  7:01  Barracks  
  93  7:05  Barracks  
  93  7:07  SCV  
  94  7:09  Siege Tank  
  97  7:23  Orbital Command  
  97  7:25  SCV x2  
  97  7:27  Marine  
  97  7:29  Supply Depot  
  100  7:31  Supply Depot  
  100  7:32  Armory  
  100  7:37  SCV x2  
  100  7:39  Marine  
  100  7:40  Marine x3  
  103  7:54  Supply Depot  
  103  7:56  Supply Depot  
  99  8:16  Barracks Reactor x2  
Tags
 
Add a new tag
Caveats
  • Supply blocks, unpowered buildings, or Contaminate may cause inaccurate times.
  • Supply counts are checked every 10 seconds.